 Dungeon Crawl Stone Soup version 0.30-a0-739-gea05faddec (webtiles) character file.

Game seed: 7535346986883495116

1850962 Monkooky the Impregnable (level 22, 120/211 HPs)
             Began as a Minotaur Wanderer on Feb 4, 2023.
             Was the Champion of Wu Jian.
             Escaped with the Orb
             ... and 3 runes!
             The game lasted 02:00:43 (48655 turns).

Monkooky the Impregnable (Minotaur Wanderer)       Turns: 48655, Time: 02:00:43

Health: 120/211    AC: 48    Str: 26    XL:     22   Next: 59%
Magic:  15/15      EV: 18    Int:  8    God:    Wu Jian [******]
Gold:   4719       SH:  9    Dex: 17    Spells: 20/23 levels left

rFire   + + +      SeeInvis .    u - +5 broad axe (heavy)
rCold   . . .      Faith    .    T - +3 buckler "Doupeosk" {Rampage Will- Slay+5}
rNeg    + . .      Spirit   +    W - +12 gold dragon scales
rPois   +          Reflect  .    l - +2 hat
rElec   +          Harm     .    h - +2 cloak {Will+}
rCorr   .          Rampage  +    H - +3 pair of gauntlets of War {Slay+5}
Will    +++..                    S - +0 pair of boots "Qeraosk" {rF++ rN+} Stlth
                                 w - amulet of guardian spirit
HPRegen 0.55/turn                D - ring "Liroz" {rElec rF+ Dex+4}
MPRegen 0.14/turn                Y - +5 ring of evasion

@: hasted, studying Poison Magic, very quick
A: horns 2, retaliatory headbutt, low MP 3, strong-willed 2, cold vulnerability
1, subdued magic 1, MP-powered wands
0: Orb of Zot
}: 3/15 runes: barnacled, slimy, gossamer
a: Renounce Religion, Wall Jump, Serpent's Lash, Heavenly Storm


You escaped.
You worshipped Wu Jian.
Wu Jian was exalted by your worship.
You visited 10 branches of the dungeon, and saw 48 of its levels.
You visited the Abyss 1 time.
You also visited: Sewer, Bailey and Ice Cave.

You collected 6936 gold pieces.
You spent 2217 gold pieces at shops.

Inventory:

Hand Weapons
 u - a +5 heavy broad axe (weapon)
Missiles
 o - 20 boomerangs (quivered)
 p - 2 throwing nets
 B - 6 curare-tipped darts
 C - 24 javelins
 J - 14 silver javelins
Armour
 h - a +2 cloak of willpower (worn)
 l - a +2 hat (worn)
 H - the +3 pair of gauntlets of War (worn) {Slay+5}
   (You acquired it on level 5 of the Lair of Beasts)

   Slay:      It affects your accuracy & damage with ranged weapons and melee
   (+5).
 S - the +0 pair of boots "Qeraosk" (worn) {rF++ rN+}
   (You found it on level 8 of the Dungeon)

   rF:        It greatly protects you from fire.
   rN:        It protects you from negative energy.
 T - the +3 buckler "Doupeosk" (worn) {Rampage Will- Slay+5}
   (You took it off a deep elf high priest on level 3 of the Elven Halls)

   Slay:      It affects your accuracy & damage with ranged weapons and melee
   (+5).
   Rampage:   It bestows one free step when moving towards enemies.
   Will:      It decreases your willpower.
 W - +12 gold dragon scales (worn)
Jewellery
 w - an amulet of guardian spirit (around neck)
 y - a ring of see invisible
 D - the ring "Liroz" (left hand) {rElec rF+ Dex+4}
   (You bought it in a shop on level 2 of the Orcish Mines)

   [ring of protection from fire]

   Dex:       It affects your dexterity (+4).
   rF:        It protects you from fire.
   rElec:     It insulates you from electricity.
 P - a ring of poison resistance
 Y - a +5 ring of evasion (right hand)
Wands
 a - a wand of digging (5)
 i - a wand of acid (11)
 K - a wand of roots (39)
 R - a wand of charming (20)
 U - a wand of mindburst (19)
Scrolls
 c - 32 scrolls of teleportation
 e - 4 scrolls of immolation
 j - 3 scrolls of poison
 k - 10 scrolls of fear
 r - 9 scrolls of vulnerability
 v - 6 scrolls of fog
 x - 2 scrolls of blinking
 z - 2 scrolls of silence
 F - a scroll of butterflies
Potions
 b - 6 potions of mutation
 d - 7 potions of attraction
 f - 6 potions of haste
 g - 3 potions of ambrosia
 m - 16 potions of curing
 n - 3 potions of cancellation
 q - 5 potions of flight
 s - 6 potions of magic
 E - 4 potions of berserk rage
 G - 3 potions of invisibility
 L - 8 potions of lignification
 M - 8 potions of heal wounds
 N - 5 potions of might
 X - a potion of resistance
Miscellaneous
 t - a condenser vane
 I - a lightning rod (4/4)
 O - a box of beasts
 Q - a phantom mirror
 V - a phial of floods
 Z - a tin of tremorstones (2/2)


   Skills:
 + Level 20.6 Fighting
 - Level 20.7 Axes
 - Level 19.0 Throwing
 * Level 21.0 Armour
 + Level 16.2 Dodging
 - Level 1.1 Stealth
 - Level 8.0 Shields
 - Level 2.3 Unarmed Combat
 - Level 1.0 Spellcasting
 - Level 4.8 Translocations
 - Level 2.5 Earth Magic
 - Level 16.5 Evocations


You had 20 spell levels left.
You knew the following spells:

 Your Spells              Type           Power      Damage    Failure   Level
a - Sandblast             Erth           6%         2d5       89%         1
b - Blink                 Tloc           12%        N/A       75%         2

Your spell library contained the following spells:

 Spells                   Type           Power      Damage    Failure   Level
 Lesser Beckoning         Tloc           12%        N/A       75%         2
 Momentum Strike          Conj/Tloc      6%         3d8       97%         2
 Magic Dart               Conj           0%         1d3       99%         1
 Call Imp                 Summ           0%         N/A       100%        2
 Ensorcelled Hibernation  Hex/Ice        0%         N/A       100%        2
 Scorch                   Fire           0%         2d5       100%        2
 Sublimation of Blood     Necr           0%         N/A       100%        2
 Ignite Poison            Fire/Tmut/Pois 0%         N/A       100%        3
 Inner Flame              Hex/Fire       0%         N/A       100%        3
 Kindle Blastsparks       Fire/Tloc/Air  4%         2d10      100%        3
 Mephitic Cloud           Conj/Pois/Air  0%         N/A       100%        3
 Spider Form              Tmut/Pois      0%         N/A       100%        3
 Stone Arrow              Conj/Erth      2%         3d7       100%        3
 Tukima's Dance           Hex            0%         N/A       100%        3
 Vampiric Draining        Necr           0%         2d6       100%        3
 Airstrike                Air            0%         2d(0-16)  100%        4
 Anguish                  Hex/Necr       0%         N/A       100%        4
 Animate Dead             Necr           0%         N/A       100%        4
 Flame Wave               Conj/Fire      0%         2d4       100%        4
 Passage of Golubria      Tloc           6%         N/A       100%        4
 Petrify                  Tmut/Erth      1%         N/A       100%        4
 Sticky Flame             Conj/Fire      0%         2d3       100%        4
 Summon Lightning Spire   Summ/Air       0%         N/A       100%        4
 Freezing Cloud           Conj/Ice/Air   0%         6-21      100%        5
 Irradiate                Conj/Tmut      0%         3d11      100%        5
 Lightning Bolt           Conj/Air       0%         1d11      100%        5
 Metabolic Englaciation   Hex/Ice        0%         N/A       100%        5
 Summon Forest            Summ/Tloc      1%         N/A       100%        5
 Summon Mana Viper        Hex/Summ       0%         N/A       100%        5
 Yara's Violent Unravell  Hex/Tmut       0%         3d3       100%        5
 Conjure Ball Lightning   Conj/Air       0%         3x3d6     100%        6
 Eringya's Noxious Bog    Tmut/Pois      0%         N/A       100%        6
 Statue Form              Tmut/Erth      0%         N/A       100%        6
 Summon Cactus Giant      Summ           0%         N/A       100%        6
 Haunt                    Necr/Summ      0%         N/A       100%        7
 Storm Form               Tmut/Air       0%         N/A       100%        7
 Summon Hydra             Summ           0%         N/A       100%        7
 Borgnjor's Revivificati  Necr           0%         N/A       100%        8
 Discord                  Hex            0%         N/A       100%        8
 Disjunction              Tloc           3%         N/A       100%        8
 Infestation              Necr           0%         N/A       100%        8
 Maxwell's Capacitive Co  Air            0%         ∞         100%        8


Dungeon Overview and Level Annotations

Branches:
Dungeon (15/15)            Temple (1/1) D:5            Lair (5/5) D:8
 Shoals (4/4) Lair:2       Spider (4/4) Lair:3        Slime (5/5) Lair:4
    Orc (2/2) D:11            Elf (3/3) Orc:2        Vaults (0/5) D:13
 Depths (4/4) D:15            Zot (5/5) Depths:4      Sewer (visited)
 Bailey (visited)           IceCv (visited)

Altars:
Ashenzari
Cheibriados
Dithmenos
Elyvilon
Fedhas
Gozag
Hepliaklqana
Kikubaaqudgha
Makhleb
Nemelex Xobeh
Okawaru
Qazlal
Ru
Sif Muna
Trog
Uskayaw
Vehumet
Wu Jian
Xom
Yredelemnul
Zin
The Shining One

Shops:
D:13 =   Orc:2 *=((   Depths:1 ([(

Portals:
Hell: Depths:1 Depths:2 Depths:3
Pandemonium: Depths:3
Ziggurat: Depths:4

Annotations:
D:10 2 transporters
Elf:1 6 runed translucent doors
Elf:3 2 runed translucent doors, juan097's ghost, veteran HOBe
Depths:1 3 runed translucent doors, MrSquiggles's ghost, journeyman MiAr


Innate Abilities, Weirdness & Mutations

You have a pair of horns on your head.
You reflexively headbutt those who attack you in melee.
Your magical capacity is extremely low. (-30% MP)
You are highly strong-willed. (Will++)
You are vulnerable to cold. (rC-)
Your spells are a little easier to cast, but a little less powerful.
You expend magic power (3 MP) to strengthen your wands.


Message History

You headbutt the Brimstone Fiend!
The Brimstone Fiend is severely wounded.
You block the Brimstone Fiend's attack. The Brimstone Fiend misses you.
You block the Brimstone Fiend's attack.
You hit the Brimstone Fiend.
The Brimstone Fiend is severely wounded.
The Brimstone Fiend gestures at you.
The sphere of damnation explodes!
The damnation engulfs you!!
The damnation engulfs the Brimstone Fiend.
The Brimstone Fiend completely resists.
You hit the Brimstone Fiend but do no damage.
You headbutt the Brimstone Fiend.
The Brimstone Fiend is severely wounded.
You slice the Brimstone Fiend!!
The Brimstone Fiend is almost dead.
The Brimstone Fiend hits you!
The Brimstone Fiend hits you but does no damage. x2
You carve the Brimstone Fiend like a ham!!!
You kill the Brimstone Fiend!
The Council accepts your kill.
Your Armour skill increases to level 21!
(D) Dungeon (T) Temple (L) Lair (A) Shoals (N) Spider Nest (M) Slime Pits (O) Orcish Mines (E) Elven Halls (V) Vaults (U) Depths (H) Hell (Z) Zot
Where to? (Enter - D:1, ? - help)
There is a stone staircase leading up here.
You climb upwards.
There is a stone staircase leading down here.
Your extra speed is starting to run out.
You feel yourself slow down.
You feel yourself speed up.
There is an open door here.
Your extra speed is starting to run out.
There is an open door here.
You feel yourself slow down.
There is an open door here.
You feel yourself speed up.
There is a staircase leading out of the dungeon here.
Magic restored.
You have escaped! ..PP♣ #.###...........## ##PP♣ #.##..####'####..## ...P♣ #.(..##.......##..## ..#P♣ #...##.#######.##..# .P### #..##.##.....##.##.# PP♣

#..#.##.#####.##.#.# ♣♣♣
###..#.#.##...##.#(#.#### #
#####....###.'.###.#.#.#..#.# #
......#..#.#.###@..#.#.#....#####
...##....'.#.#.###.#.#.#.........
######...#.#.##...##.#.#.........
##..#.##.#####.##.#....#.###
#..##.#'...#.##.##.##.#.# #
##...##.#######.##..##.#.# #
##..#..##.......##..###.#.#
#..###..#########....##.#.#
#.####..................#.#


There were no monsters in sight!

Vanquished Creatures
  the Royal Jelly (Slime:5)
  Dissolution (Slime:3)
  A juggernaut (Depths:2)
  A Killer Klown (Zot:5)
  2 curse toes (Zot:4)
  Parghit (Depths:3)
  4 golden dragons
  Arachne (Spider:2)
  A bone dragon (Abyss:2)
  the Enchantress (Depths:3)
  A Brimstone Fiend (D:2)
  2 tentacled monstrosities
  2 electric golems
  5 liches
  Rupert (D:13)
  20 Orb Guardians (Zot:5)
  2 deep elf master archers (Elf:3)
  2 quicksilver dragons
  2 deep elf blademasters
  13 acid blobs
  3 tentacled starspawn (Abyss:2)
  A sphinx (Depths:2)
  Gastronok (Lair:3)
  Frances (Spider:2)
  2 death cobs (Zot:5)
  3 shadow dragons
  A draconian monk (Depths:4)
  2 storm dragons (Zot:4)
  Ilsuiw (Shoals:3)
  9 azure jellies
  11 rockslimes
  A draconian scorcher (Depths:4)
  3 fire giants
  4 deep elf sorcerers
  A draconian knight (Depths:4)
  An emperor scorpion (Spider:4)
  3 frost giants
  Louise (Elf:3)
  A balrug (D:15)
  7 ghost moths
  2 orc warlords
  A draconian shifter (Zot:5)
  An angel (D:13)
  5 deep elf elementalists (Elf:3)
  The ghost of Buphadet the Fighter, a journeyman AtBe of Trog (D:13)
  Aizul (Shoals:1)
  A draconian annihilator (Zot:5)
  4 spriggan defenders (Depths:3)
  A reaper (Abyss:2)
  10 stone giants
  24 very ugly things
  7 quicksilver oozes
  2 broodmothers (Spider:4)
  The ghost of Zakkuatt the Severer, a journeyman HOFi of Beogh (D:13)
  A vampire knight (Depths:2)
  3 red draconians
  A black draconian (Zot:5)
  7 deep elf demonologists
  3 green draconians
  2 eleionomae (Shoals:2)
  8 deep elf annihilators
  Nessos (Lair:5)
  A dire elephant (D:15)
  A minotaur (Shoals:1)
  5 spark wasps
  A purple draconian (Zot:4)
  The ghost of Imeczu Ewoacw the Transmogrifier, a journeyman OpTm of Gozag (Orc:1)
  2 white draconians
  Snorg (Lair:5)
  3 yellow draconians
  3 deep elf death magi (Elf:3)
  8 merfolk impalers
  4 fire dragons
  6 entropy weavers
  6 merfolk javelineers
  17 ettins
  5 deep elf high priests
  Erolcha (Orc:2)
  6 jiangshi
  A yaktaur captain (Depths:4)
  2 great orbs of eyes (Slime:5)
  3 vault guards (D:13)
  10 ice dragons
  3 rakshasas
  7 hydras
  4 spriggan air magi (Depths:3)
  An anaconda (shapeshifter) (Depths:2)
  2 ogre magi
  2 catoblepae
  13 two-headed ogres
  Erica (D:8)
  2 centaur warriors (D:15)
  An alligator snapping turtle (Shoals:3)
  31 dancing weapons
  3 merfolk avatars
  3 boulder beetles
  6 satyrs
  4 radroaches (Spider:4)
  A death knight (D:15)
  2 vampire magi
  4 deep troll shamans
  17 death yaks
  3 tengu warriors
  3 deep troll earth magi
  7 orc high priests
  A death scarab (Spider:2)
  Amaemon (D:11)
  Urug (Lair:2)
  A spriggan berserker (Depths:3)
  2 thrashing horrors (Abyss:2)
  19 deep elf knights
  16 hell knights
  4 sun demons
  3 pharaoh ants
  2 sixfirhies
  2 wretched stars (Abyss:2)
  A skeletal warrior (D:15)
  A sun moth (Spider:3)
  8 iron trolls
  A spatial maelstrom (Abyss:2)
  2 glowing orange brains
  9 sea snakes
  5 deep trolls
  A flayed ghost (Depths:3)
  A kraken simulacrum (Shoals:4)
  Pikel (D:6)
  8 deep elf archers
  An orange crystal statue (IceCv)
  8 orb spiders
  3 spectral wolf spiders (Spider:2)
  A wizard (Depths:2)
  9 steelbarb worms
  A spriggan simulacrum (Elf:1)
  A lindwurm (shapeshifter) (Depths:2)
  18 deep elf zephyrmancers
  5 harpies (Shoals:3)
  5 necromancers
  An orc sorcerer (Orc:2)
  5 shining eyes
  4 wolf spider zombies (Spider:2)
  25 wolf spiders
  12 ugly things
  9 manticores
  12 orc knights
  25 fauns
  7 elephants
  23 deep elf pyromancers
  4 cyclopes
  13 moths of wrath
  5 merfolk sirens
  5 demonic crawlers
  3 black mambas
  2 torpor snails
  7 water nymphs
  A gargoyle (D:8)
  A smoke demon (Abyss:2)
  2 eyes of devastation (Slime:5)
  2 unseen horrors (D:12)
  2 orange demons
  8 cane toads
  A hellion (Abyss:2)
  4 unseen horror zombies (D:9)
  A torpor snail (shapeshifter) (Elf:1)
  Psyche (D:11)
  5 freezing wraiths
  4 rime drakes
  2 kobold demonologists
  3 anaconda simulacra
  An ancient zyme (Abyss:2)
  7 komodo dragons
  3 tengu conjurers
  2 efreet
  2 red devils (D:15)
  10 meliai
  5 trolls
  Prince Ribbit (D:6)
  A meliai (shapeshifter) (Elf:3)
  7 wind drakes
  11 merfolk
  4 wolf spider simulacra (Spider:2)
  A polar bear (Lair:2)
  5 raiju (Abyss:2)
  22 tarantellas
  5 snapping turtles
  17 dream sheep
  4 small abominations (Abyss:2)
  5 blink frogs (Lair:1)
  37 slime creatures
  28 culicivoras
  30 jumping spiders
  6 flying skulls (Abyss:2)
  An air elemental (Elf:1)
  A yak (shapeshifter) (D:14)
  3 wyverns
  2 dire elephant simulacra (IceCv)
  A shadow (Abyss:2)
  4 water elementals
  2 ynoxinuls (Abyss:2)
  52 yaks
  8 humans (D:13)
  4 wraiths
  16 golden eyes
  2 fire elementals
  7 vampire mosquitoes (D:12)
  A chaos spawn (Zot:4)
  A steam dragon (D:8)
  48 redbacks
  3 basilisks
  3 acid dragons
  3 harpy simulacra
  5 wargs
  10 water moccasins
  55 orc warriors
  An ice beast (D:7)
  4 black bears
  2 alligator simulacra (Elf:1)
  A sky beast (D:7)
  9 ogres
  16 wolves
  13 centaurs
  2 lemures (D:6)
  5 kobold brigands
  3 bullfrogs
  3 gnoll sergeants
  3 earth elementals
  A deep troll simulacrum (Elf:1)
  6 necrophages (Lair:3)
  A scorpion (D:6)
  4 lindwurm simulacra
  A howler monkey (D:11)
  2 electric eels
  5 centaur zombies (D:9)
  A gnoll bouda (D:6)
  29 orc priests
  8 hounds
  An iron imp (Abyss:2)
  Ijyb (D:5)
  An iguana (D:6)
  17 orc wizards
  A sickly merfolk siren (Sewer)
  A malarious merfolk avatar (Sewer)
  A mummy (D:12)
  A howler monkey zombie (D:9)
  Robin (D:5)
  19 gnolls
  7 adders
  3 river rats
  A white imp (D:6)
  An ufetubus (D:5)
  2 worms (D:3)
  2 dart slugs
  119 orcs
  11 ball pythons
  5 bats
  7 endoplasms
  5 giant cockroaches
  25 goblins
  19 hobgoblins
  3 jackals (D:1)
  3 quokkas
  11 frilled lizards
  24 kobolds
  27 rats
  7 starspawn tentacles (Abyss:2)
  A tentacle (Shoals:4)
1649 creatures vanquished.

Vanquished Creatures (others)
  A yellow draconian (Zot:5)
  A human (D:13)
  11 fungi
  80 plants
  3 starspawn tentacles (Abyss:2)
  3 tentacles (Shoals:4)
99 creatures vanquished.

Grand Total: 1748 creatures vanquished

Notes
Turn   | Place    | Note
-------+----------+-------------------------------------------
     0 | D:1      | Monkooky the Minotaur Wanderer began the quest for the Orb.
     0 | D:1      | Monkooky set off with the following items: a +0 club, a
                  | potion of might, a scroll of teleportation, a potion of
                  | attraction, a +0 leather armour, a potion of haste; and the
                  | following spell memorised: Sandblast; and the following
                  | spells available to memorise: Stone Arrow.
     0 | D:1      | Reached XP level 1. HP: 19/19 MP: 1/1
   173 | D:1      | Reached XP level 2. HP: 4/27 MP: 2/2
   517 | D:1      | Reached XP level 3. HP: 34/34 MP: 3/3
   740 | D:1      | Reached skill level 5 in Fighting
  1426 | D:2      | Reached skill level 1 in Axes
  1665 | D:3      | Found a glowing drain.
  1674 | D:3      | Reached XP level 4. HP: 21/42 MP: 4/4
  1677 | D:3      | HP: 2/42 [river rat (3)]
  1830 | Sewer    | Entered a sewer
  2079 | Sewer    | Reached XP level 5. HP: 42/48 MP: 5/5
  3111 | D:3      | Identified the +5 spear "Orb Guardian's Peril" {flame,
                  | rElec rC+ Int+3}
  3433 | D:4      | Noticed a black bear
  3439 | D:4      | Killed a black bear
  3440 | D:4      | Reached XP level 6. HP: 56/58 MP: 6/6
  4307 | D:5      | Entered Level 5 of the Dungeon
  4372 | D:5      | Noticed Ijyb
  4372 | D:5      | Noticed Robin
  4383 | D:5      | Killed Ijyb
  4397 | D:5      | Killed Robin
  4568 | D:5      | Reached XP level 7. HP: 67/67 MP: 7/7
  4604 | D:5      | Found a staircase to the Ecumenical Temple.
  4617 | Temple   | Entered the Ecumenical Temple
  4796 | Temple   | Became a worshipper of the Wu Jian Council
  5200 | D:6      | Noticed a yak
  5200 | D:6      | Noticed a yak
  5200 | D:6      | Noticed a yak
  5208 | D:6      | Killed a yak
  5214 | D:6      | Killed a yak
  5220 | D:6      | Killed a yak
  5431 | D:6      | Noticed Prince Ribbit
  5443 | D:6      | Reached XP level 8. HP: 47/75 MP: 8/8
  5445 | D:6      | Killed Prince Ribbit
  5612 | D:6      | Found a stormy altar of Qazlal.
  5784 | D:6      | Noticed Pikel
  5806 | D:6      | Killed Pikel
  5832 | D:6      | Reached XP level 9. HP: 39/82 MP: 9/9
  6031 | D:6      | Found a radiant altar of Vehumet.
  6031 | D:6      | Found a blossoming altar of Fedhas.
  6189 | D:6      | Reached * piety under Wu Jian
  6236 | D:6      | Noticed a two-headed ogre
  6243 | D:6      | Killed a two-headed ogre
  7191 | D:8      | Found a staircase to the Lair.
  7204 | D:8      | Reached skill level 15 in Axes
  7507 | D:8      | Found a glowing golden altar of the Shining One.
  7509 | D:8      | Found an ancient bone altar of Kikubaaqudgha.
  7519 | D:8      | Found a sparkling altar of Nemelex Xobeh.
  7519 | D:8      | Found a shimmering blue altar of Sif Muna.
  7543 | D:8      | Found a snail-covered altar of Cheibriados.
  7682 | D:8      | Noticed Erica
  7700 | D:8      | Killed Erica
  7701 | D:8      | Reached XP level 10. HP: 90/90 MP: 10/10
  7773 | D:8      | Identified the +0 pair of boots "Qeraosk" {rF++ rN+}
  7907 | D:8      | Noticed a gargoyle
  7913 | D:8      | Killed a gargoyle
  8231 | D:8      | Reached skill level 1 in Throwing
  8570 | D:9      | Found a shadowy altar of Dithmenos.
  8596 | D:9      | Found a flagged portal.
  8603 | D:9      | Reached ** piety under Wu Jian
  8620 | Bailey   | Entered a bailey
  8811 | Bailey   | Noticed an orc knight
  8811 | Bailey   | Noticed an orc knight
  8821 | Bailey   | Killed an orc knight
  8822 | Bailey   | Reached skill level 5 in Throwing
  8832 | Bailey   | Killed an orc knight
  8833 | Bailey   | Reached skill level 1 in Armour
  8833 | Bailey   | Reached skill level 1 in Dodging
  8845 | Bailey   | Reached skill level 2 in Armour
  8919 | Bailey   | Noticed an orc warlord
  8948 | Bailey   | Killed an orc warlord
  8949 | Bailey   | Reached skill level 4 in Armour
  8949 | Bailey   | Reached XP level 11. HP: 84/95 MP: 11/11
  9019 | Bailey   | Reached skill level 7 in Armour
  9019 | Bailey   | Reached XP level 12. HP: 106/106 MP: 12/12
  9020 | Bailey   | Reached skill level 10 in Fighting
  9020 | Bailey   | Reached skill level 9 in Armour
  9020 | Bailey   | Reached XP level 13. HP: 114/114 MP: 13/13
  9287 | D:9      | Reached *** piety under Wu Jian
  9477 | D:9      | Reached skill level 1 in Evocations
  9542 | D:9      | Found a basalt altar of Yredelemnul.
 10034 | D:10     | Entered Level 10 of the Dungeon
 10045 | D:10     | Found a transporter.
 10050 | D:10     | Noticed a stone giant
 10059 | D:10     | Found a transporter.
 10255 | D:10     | Reached skill level 5 in Evocations
 10378 | D:10     | Found a bloodstained altar of Trog.
 10952 | Lair:1   | Entered Level 1 of the Lair of Beasts
 11707 | Lair:2   | Found a staircase to the Shoals.
 11713 | Lair:2   | Reached **** piety under Wu Jian
 11714 | Lair:2   | Reached skill level 1 in Shields
 11846 | Lair:2   | Noticed Urug
 11856 | Lair:2   | Killed Urug
 12791 | Lair:3   | Reached skill level 10 in Armour
 12794 | Lair:3   | Reached ***** piety under Wu Jian
 13017 | Lair:3   | Found a hole to the Spider Nest.
 13094 | Lair:3   | Noticed Gastronok
 13111 | Lair:3   | Killed Gastronok
 13437 | Lair:3   | Identified the +2 helmet of Amorality {Int+3}
 13651 | Lair:3   | Reached skill level 11 in Armour
 13651 | Lair:3   | Reached XP level 14. HP: 122/122 MP: 14/14
 14290 | Lair:4   | Found a staircase to the Slime Pits.
 15004 | Lair:5   | Entered Level 5 of the Lair of Beasts
 15214 | Lair:5   | Noticed Snorg
 15217 | Lair:5   | Noticed Nessos
 15230 | Lair:5   | Killed Snorg
 15246 | Lair:5   | Killed Nessos
 15508 | Lair:5   | Identified 2 scrolls of acquirement
 15509 | Lair:5   | Acquired 729 gold pieces
 15511 | Lair:5   | Acquired the +3 pair of gauntlets of War {Slay+5}
 15511 | Lair:5   | Found the +3 pair of gauntlets of War {Slay+5}
 15785 | Lair:5   | Reached skill level 10 in Throwing
 16956 | D:11     | Noticed Psyche
 16960 | D:11     | Killed Psyche
 17091 | D:11     | Noticed Amaemon
 17101 | D:11     | Killed Amaemon
 17180 | D:11     | Found a staircase to the Orcish Mines.
 17195 | D:11     | Reached ****** piety under Wu Jian
 17502 | D:11     | You fall into a shaft and drop 3 floors!
 17984 | D:12     | Reached XP level 15. HP: 135/135 MP: 15/15
 18275 | D:12     | Identified the +9 spear of Ytyaso {spect, rPois rC- Str+3
                  | Int+6}
 18374 | D:12     | Found a snail-covered altar of Cheibriados.
 18885 | D:13     | Found a gate to the Vaults.
 18947 | D:13     | Found a hazy altar of Hepliaklqana.
 19015 | D:13     | Noticed Rupert
 19033 | D:13     | Killed Rupert
 19048 | D:13     | Found Kynoeg's Jewellery Shoppe.
 19056 | D:13     | Bought the amulet of Woaxzye {Faith Dex+3 Slay+2} for 1048
                  | gold pieces
 19102 | D:13     | Found a runed translucent gate.
 19102 | D:13     | Found a runed translucent gate.
 19102 | D:13     | Found a runed translucent gate.
 19106 | D:13     | Noticed Buphadet's ghost (journeyman AtBe)
 19106 | D:13     | Noticed Zakkuatt's ghost (journeyman HOFi)
 19251 | D:13     | Identified the +5 demon whip of Courage {freeze, Int+4}
 19318 | D:13     | Killed Buphadet's ghost
 19324 | D:13     | Killed Zakkuatt's ghost
 19685 | D:15     | Entered Level 15 of the Dungeon
 20132 | D:15     | Reached skill level 15 in Throwing
 20644 | D:15     | Found a staircase to the Depths.
 20939 | Orc:1    | Entered Level 1 of the Orcish Mines
 21451 | Orc:1    | Found a runed translucent door.
 21453 | Orc:1    | Noticed Imeczu Ewoacw's ghost (journeyman OpTm)
 21728 | Orc:1    | Killed Imeczu Ewoacw's ghost
 21771 | Orc:2    | Entered Level 2 of the Orcish Mines
 21778 | Orc:2    | Noticed Erolcha
 21782 | Orc:2    | Killed Erolcha
 21864 | Orc:2    | Reached skill level 12 in Armour
 22178 | Orc:2    | Reached XP level 16. HP: 115/147 MP: 16/16
 22194 | Orc:2    | Found Pinis's General Store.
 22194 | Orc:2    | Found Pirogren's Weapon Boutique.
 22195 | Orc:2    | Found Ate Gur's Weapon Shop.
 22195 | Orc:2    | Found Opsedio's Jewellery Boutique.
 22305 | Orc:2    | Bought the ring "Liroz" {rElec rF+ Dex+4} for 616 gold
                  | pieces
 22372 | Orc:2    | Found a staircase to the Elven Halls.
 22518 | Elf:1    | Entered Level 1 of the Elven Halls
 22518 | Elf:1    | Found a frozen archway.
 22673 | IceCv    | Entered an ice cave
 22686 | IceCv    | Found a transporter.
 22697 | IceCv    | Found a transporter.
 22720 | IceCv    | Identified the +1 long sword of Dishonour {freeze, Fragile
                  | Int+2 Dex+2}
 23276 | Elf:1    | Found a runed translucent gate.
 23276 | Elf:1    | Found a runed translucent gate.
 23276 | Elf:1    | Found a runed translucent gate.
 23276 | Elf:1    | Found a runed translucent gate.
 23276 | Elf:1    | Found a runed translucent gate.
 23278 | Elf:1    | Noticed a shadow dragon
 23279 | Elf:1    | Found a runed translucent gate.
 23279 | Elf:1    | HP: 7/147 [something/shard of ice (20)]
 23578 | Elf:1    | Paralysed by an air elemental for 1 turns
 24834 | Elf:2    | Found a runed translucent gate.
 25014 | Elf:2    | Found a runed translucent gate.
 25014 | Elf:2    | Found a runed translucent gate.
 25523 | Elf:2    | Reached XP level 17. HP: 146/154 MP: 15/17
 25559 | Elf:2    | Noticed a deep elf blademaster
 25572 | Elf:2    | Killed a deep elf blademaster
 25840 | Elf:2    | Reached skill level 10 in Dodging
 25937 | Elf:2    | Reached skill level 13 in Armour
 26183 | Elf:2    | Reached skill level 15 in Fighting
 26458 | Elf:3    | Entered Level 3 of the Elven Halls
 26463 | Elf:3    | Identified the amulet "Yzxe" {Reflect *Corrode Will+ SH+5
                  | SInv}
 26492 | Elf:3    | Found a large runed translucent door.
 26492 | Elf:3    | Found a large runed translucent door.
 26496 | Elf:3    | Identified the +1 cloak of Follow the Leader {Dex+3 Stlth-}
 26516 | Elf:3    | Noticed an Ice Fiend
 26671 | Elf:3    | Noticed juan097's ghost (veteran HOBe)
 26917 | Elf:3    | Noticed Louise
 26927 | Elf:3    | Killed Louise
 26936 | Elf:3    | Identified the +6 scale mail "Loosm" {*Slow +Blink Will+}
 27349 | Elf:3    | Identified the +3 buckler "Doupeosk" {Rampage Will- Slay+5}
 27660 | Elf:3    | Noticed a deep elf master archer
 27672 | Elf:3    | Noticed a deep elf blademaster
 27684 | Elf:3    | Killed a deep elf blademaster
 27685 | Elf:3    | Killed a deep elf master archer
 27726 | Elf:3    | Identified the +4 leather armour of Perfidy {+Blink rF-
                  | Str+3 Stlth+}
 27939 | Elf:3    | Noticed a deep elf master archer
 27946 | Elf:3    | Killed a deep elf master archer
 28262 | Elf:3    | Identified the +4 trident of Omazyl {drain, Dex+4}
 28263 | Elf:3    | Identified the +3 falchion of Ufeciuc {speed, Will+ Str+7}
 28268 | Elf:3    | Reached skill level 14 in Armour
 29323 | Spider:1 | Entered Level 1 of the Spider Nest
 29683 | Spider:1 | Reached skill level 5 in Shields
 29942 | Spider:1 | Learned a level 2 spell: Blink
 30172 | Spider:1 | Reached XP level 18. HP: 168/168 MP: 18/18
 30428 | Spider:2 | Noticed Arachne
 30452 | Spider:2 | Killed Arachne
 31360 | Spider:2 | Noticed Frances
 31371 | Spider:2 | Killed Frances
 32953 | Spider:3 | Identified the +1 scimitar of the Pariah {drain, *Corrode
                  | rC++ rN+}
 32973 | Spider:3 | Identified the +6 trident of Blood-Lust {speed, rF++ Int+2}
 33112 | Spider:4 | Entered Level 4 of the Spider Nest
 33714 | Spider:4 | Reached skill level 15 in Armour
 34677 | Spider:4 | Got a gossamer rune of Zot
 34976 | Shoals:1 | Entered Level 1 of the Shoals
 35021 | Shoals:1 | Reached skill level 16 in Armour
 35037 | Shoals:1 | Reached XP level 19. HP: 152/180 MP: 17/19
 35416 | Shoals:1 | Found a hide-covered altar of Uskayaw.
 35673 | Shoals:1 | Noticed Aizul
 35681 | Shoals:1 | Killed Aizul
 35839 | Shoals:1 | You fall into a shaft and drop 1 floor!
 36335 | Shoals:1 | Found the +8 storm bow {elec, penet}
 37102 | Shoals:2 | Identified the +5 halberd "Nil Wip" {protect, Will+ Int+5}
 37510 | Shoals:3 | Noticed Ilsuiw
 37533 | Shoals:3 | Killed Ilsuiw
 37591 | Shoals:3 | Found the +6 lightning scales {swift, rElec}
 38360 | Shoals:4 | Entered Level 4 of the Shoals
 38456 | Shoals:4 | Reached skill level 10 in Evocations
 38640 | Shoals:4 | Got a barnacled rune of Zot
 38790 | Slime:1  | Entered Level 1 of the Pits of Slime
 38800 | Slime:1  | Gained mutation: You have hidden genetic defects. [a
                  | shining eye]
 38802 | Slime:1  | Gained mutation: You sometimes lose your temper in combat.
                  | [a shining eye]
 39054 | Slime:2  | Gained mutation: You are dopey. (Int -2) [a shining eye]
 39081 | Slime:3  | Noticed Dissolution
 39085 | Slime:3  | Killed Dissolution
 39490 | Slime:5  | Entered Level 5 of the Pits of Slime
 39613 | Slime:5  | Noticed the Royal Jelly
 39623 | Slime:4  | Gained mutation: You occasionally lose the ability to drink
                  | potions when taking damage. [hidden defects]
 39624 | Slime:4  | Lost mutation: You occasionally lose the ability to drink
                  | potions when taking damage. [potion of mutation]
 39624 | Slime:4  | Lost mutation: You have hidden genetic defects. [potion of
                  | mutation]
 39624 | Slime:4  | Lost mutation: You sometimes lose your temper in combat.
                  | [potion of mutation]
 39624 | Slime:4  | Lost mutation: You are dopey. (Int -2) [potion of mutation]
 39624 | Slime:4  | Gained mutation: Your magical capacity is low. (-10% MP)
                  | [potion of mutation]
 39624 | Slime:4  | Gained mutation: Your magical capacity is very low. (-20%
                  | MP) [potion of mutation]
 39624 | Slime:4  | Gained mutation: You are robust. (+10% HP) [potion of
                  | mutation]
 40072 | Slime:5  | Reached XP level 20. HP: 174/207 MP: 14/16
 40075 | Slime:5  | Killed the Royal Jelly
 40455 | Slime:5  | Found the +8 Vampire's Tooth {megavamp}
 40459 | Slime:5  | Gained mutation: You expend magic power (3 MP) to
                  | strengthen your wands. [a shining eye]
 40478 | Slime:5  | Gained mutation: You have hidden genetic potential. [a
                  | shining eye]
 40486 | Slime:5  | Got the Dissertation on Stolen Souls
 40498 | Slime:5  | Identified the +3 flail of the Mordant God {protect, *Slow
                  | rF- Int+9}
 40528 | Slime:5  | Identified the +1 rapier of the Eternal Void {heavy,
                  | Fragile Int+2 Dex+3}
 40565 | Slime:5  | Got a slimy rune of Zot
 40932 | Depths:1 | Entered Level 1 of the Depths
 40933 | Depths:1 | Found Jowej's Assorted Antiques.
 40964 | Depths:1 | Found Jiapsiru's Antique Weapon Boutique.
 40964 | Depths:1 | Found Beis's Antique Weapon Shop.
 40969 | Depths:1 | Found Epoa's Antique Armour Boutique.
 40972 | Depths:1 | Bought a glowing broad axe for 231 gold pieces
 40992 | Depths:1 | Bought a runed broad axe for 322 gold pieces
 41132 | Depths:1 | Found a gateway to Hell.
 41189 | Depths:1 | Found a runed translucent gate.
 41191 | Depths:1 | Found a runed translucent gate.
 41192 | Depths:1 | Found a runed translucent gate.
 41196 | Depths:1 | Noticed MrSquiggles's ghost (journeyman MiAr)
 41579 | Abyss:2  | Cast into level 2 of the Abyss (a wizard)
 41580 | Abyss:2  | Found a corrupted altar of Lugonu.
 41612 | Abyss:2  | Reached skill level 15 in Evocations
 41754 | Abyss:2  | Noticed a bone dragon
 41760 | Abyss:2  | Killed a bone dragon
 41952 | Depths:2 | Escaped the Abyss
 42425 | Depths:2 | Noticed a juggernaut
 42441 | Depths:2 | Killed a juggernaut
 42680 | Depths:2 | Found the +7 sceptre of Torment {pain, torment}
 42683 | Depths:2 | Identified the +5 arbalest "Xevyokao" {freeze, Fly rN+
                  | Int-5}
 42684 | Depths:2 | Identified the +2 sling "Giqup" {drain, Str+2 Int+2}
 42689 | Depths:2 | Identified the +3 morningstar of Compound Interest {vamp,
                  | rElec Will- Int+3}
 42903 | Depths:2 | Reached skill level 1 in Translocations
 42966 | Depths:3 | Reached XP level 21. HP: 214/214 MP: 17/17
 42985 | Depths:3 | Noticed the Enchantress
 42995 | Depths:3 | Killed the Enchantress
 43452 | Depths:3 | Reached skill level 17 in Armour
 43452 | Depths:3 | Gained mutation: You are strong-willed. (Will+) [hidden
                  | potential]
 43941 | Depths:3 | Noticed Parghit
 43958 | Depths:3 | Killed Parghit
 45158 | Depths:3 | Reached skill level 18 in Armour
 45608 | Depths:3 | Found a one-way gate leading to the halls of Pandemonium.
 45788 | Depths:4 | Entered Level 4 of the Depths
 46277 | Depths:4 | Found a one-way gateway to a ziggurat.
 46306 | Depths:4 | Reached skill level 15 in Dodging
 46433 | Depths:4 | Found a gate to the Realm of Zot.
 46469 | Depths:4 | Reached skill level 19 in Armour
 46489 | Depths:4 | Noticed a golden dragon
 46511 | Depths:4 | Killed a golden dragon
 46725 | Zot:1    | Entered Level 1 of the Realm of Zot
 46901 | Zot:2    | Noticed a golden dragon
 46908 | Zot:2    | Killed a golden dragon
 46939 | Zot:4    | Noticed a curse toe
 46954 | Zot:4    | Killed a curse toe
 46955 | Zot:4    | Reached XP level 22. HP: 135/229 MP: 10/17
 47133 | Zot:4    | Noticed a curse toe
 47138 | Zot:4    | Killed a curse toe
 47219 | Zot:5    | Entered Level 5 of the Realm of Zot
 47514 | Zot:5    | Noticed a Killer Klown
 47549 | Zot:5    | Killed a Killer Klown
 47567 | Zot:5    | Gained mutation: You are highly strong-willed. (Will++)
                  | [hidden potential]
 47567 | Zot:5    | Lost mutation: You have hidden genetic potential. [hidden
                  | potential expressed]
 47883 | Zot:5    | Reached skill level 20 in Armour
 47883 | Zot:5    | Noticed an orb of fire
 47887 | Zot:5    | Noticed an orb of fire
 47888 | Zot:5    | Noticed an orb of fire
 47888 | Zot:5    | Gained mutation: You are vulnerable to cold. (rC-) [an orb
                  | of fire]
 47888 | Zot:5    | Noticed an orb of fire
 47888 | Zot:5    | Lost mutation: You are robust. (+10% HP) [an orb of fire]
 47892 | Zot:5    | Gained mutation: Your spells are a little easier to cast,
                  | but a little less powerful. [an orb of fire]
 47894 | Zot:5    | Noticed a Killer Klown
 47910 | Zot:5    | Noticed a golden dragon
 47917 | Zot:5    | Killed a golden dragon
 47919 | Zot:5    | Noticed an orb of fire
 47925 | Zot:5    | Got the Orb of Zot
 47942 | Zot:5    | Noticed a Killer Klown
 47944 | Zot:5    | Noticed an ancient lich
 48185 | Depths:4 | Noticed a golden dragon
 48190 | Depths:4 | Noticed Sokhlus the pandemonium lord
 48199 | Depths:3 | Killed a golden dragon
 48420 | D:10     | Gained mutation: Your magical capacity is extremely low.
                  | (-30% MP) [a cacodemon]
 48561 | D:3      | Noticed a seraph
 48567 | D:3      | Identified the +5 tower shield of Articulation {Dex+2}
 48588 | D:2      | Reached skill level 21 in Armour
 48655 | D:$      | Escaped with the Orb!

Illustrated notes

Levels and vault maps discovered:
D:1:      evilmike_arrival_rings, layout_rooms, lexackson_kobold_supper
D:2:      minmay_inner_zag, layout_basic
D:3:      layout_loops_cross, cheibrodos_sewer_entry_sluice,
          minmay_randomly_rotated_circles
D:4:      layout_loops_corners
D:5:      layout_basic, minmay_temple_entry_gardened_gates, nicolae_goblin_pals
D:6:      cheibrodos_iron_armory, layout_loops_corners,
          nicolae_qazlal_general_emergency,
          chequers_temple_overflow_statue_of_worship, minmay_manual_macuahuitl,
          uniq_grinder, uniq_pikel, uniq_prince_ribbit1
D:7:      layout_basic
D:8:      layout_loops_ring, grunt_temple_overflow_open, david_lair_generic,
          minmay_three_doors, uniq_erica
D:9:      layout_cave_pods, nicolae_yredelemnul_corpse_copse,
          nicolae_dithmenos_through_a_glass_darkly, enter_bailey_5
D:10:     gammafunk_sealed_arena, layout_grid_maze, lemuel_tele_altar
D:11:     layout_loops_corners, kennysheep_orc_monster_closet_entryway,
          minmay_misc_feat_rugged, wad_dig_loot, uniq_psyche, uniq_amaemon
D:12:     layout_loops_cross, chei_slow_surprise
D:13:     layout_big_octagon, ximxim_vaults_locker_room, serial_column_ruins,
          column_ruins_grid_4, column_ruins_grid_1,
          column_ruins_corridor_dead_end, column_ruins_open_large, serial_shops,
          shop, gammafunk_ghost_cemetery, minivault_16, minmay_misc_feat_alley,
          minmay_misc_feat_hallway, eino_small_chamber_without_monster,
          nicolae_hepliaklqana_hippocampus, uniq_rupert
D:14:     layout_loops_ring, hangedman_abyss_or_decor_passed
D:15:     hangedman_depths_entry_try_elsewhere_first, layout_loops_ring
Temple:   grunt_temple_mini_profane
Lair:1:   layout_misc_corridors
Lair:2:   layout_loops_ring, minmay_shoals_entry_centaurs, grunt_megastairs_1,
          uniq_urug
Lair:3:   beast_lair_carwin_large_3, layout_gridlike,
          nicolae_spider_entry_tight_spaces, roderic_carrion_pond,
          uniq_gastronok
Lair:4:   layout_cave_pods, slime_entry_1, minmay_holes, grunt_megastairs_4
Lair:5:   grunt_lair_end_beastmaster, layout_regular_city, serial_bayou_shore_a,
          infiniplex_staircase_pool_2, uniq_snorg, uniq_nessos
Shoals:1: layout_shoals, regret_index_shoals_crete, uniq_aizul
Shoals:2: layout_shoals, nicolae_shoals_enchanted_isle
Shoals:3: cheibrodos_shoals_epimethial_gifts, layout_shoals, uniq_ilsuiw
Shoals:4: shoals_end_grunt_ice, layout_shoals, shoal_ilsuiw, uniq_polyphemus
Spider:1: layout_spider_delve
Spider:2: layout_spider_delve, nicolae_spider_undead_wolf_pack, uniq_arachne,
          uniq_frances
Spider:3: nicolae_spider_mines_3
Spider:4: grunt_spider_rune_parallel
Slime:1:  layout_caves
Slime:2:  layout_caves
Slime:3:  layout_caves, dissolution_awaits
Slime:4:  layout_caves
Slime:5
Orc:1:    layout_caves, ebering_ghost_reflecting_pool
Orc:2:    st_orc_pillars, layout_diamond_mine, nicolae_orc_lava_room,
          uniq_erolcha
Elf:1:    layout_gridlike, portal_ice_cave_entry_ice_simulacra, orc_legates,
          lemuel_upstairs_altar
Elf:2:    elven_hall_of_blades_hangedman_original [nicolae_blade_lattice],
          layout_onion_city
Elf:3:    grunt_elf_hall_branching, layout_onion_city,
          ebering_ghost_disaster_area, abandoned_shop, uniq_louise
Depths:1: layout_basic, minmay_misc_feat_x, hell_entry,
          gammafunk_ghost_tricky_traps, abandoned_shop,
          nicolae_vehumet_radiance, minmay_shoptagon
Depths:2: giant_chief_lemuel, layout_basic, rand_demon_pan_entry_1,
          minmay_curled_crystal, hell_entry, mu_enter_wizlab_6,
          grunt_megastairs_5
Depths:3: kennysheep_bubbly, layout_gridlike, abyss_entry_flame_altar,
          pan_entry, hangedman_tar_grid_catacomb, serial_glass, glass_columns_a,
          glass_columns_c, glass_columns_c, glass_columns_a, glass_columns_c,
          glass_columns_a, glass_columns_a, glass_columns_a, uniq_enchantress,
          uniq_parghit
Depths:4: evilmike_zot_entry_round, layout_long_grid, enter_ziggurat_f,
          grunt_hell_entry_dis_old, special_room [special_room_jelly],
          nicolae_sif_muna_little_library
Zot:1:    layout_onion, grunt_ministairs_11, lemuel_lake_of_fire,
          grunt_megastairs_3
Zot:2:    layout_cellular_growth, nicolae_diode_basic
Zot:3:    layout_gridlike
Zot:4:    layout_gridlike
Zot:5:    layout_gridlike

Skill      XL: |  1  2  3  4  5  6  7  8  9 10 11 12 13 14 15 16 17 18 19 20 21 22 |
---------------+-------------------------------------------------------------------+-----
Fighting       | 4 5 6 7 8 9 10 13 14 16 18 19 20 | 20.6
Axes           | 1 3 4 7 11 17 18 19 20 | 20.7
Throwing       | 6 8 13 15 18 19 | 19.0
Armour         | 4 7 9 11 12 14 16 19 21 | 21.0
Dodging        | 2 4 6 7 9 11 13 14 15 16 | 16.2
Evocations     | 7 12 16 | 16.5
Shields        | 1 5 8 |  8.0
Translocations | 2 4 |  4.8
Stealth        | |  1.1
Unarmed Combat | |  2.3
Spellcasting   | |  1.0
Earth Magic    | |  2.5

Action                     |  1- 3 |  4- 6 |  7- 9 | 10-12 | 13-15 | 16-18 | 19-21 | 22-24 || total
---------------------------+-------+-------+-------+-------+-------+-------+-------+-------++-------
  Melee: Spear             |    22 |    83 |    89 |       |       |       |       |       ||   194
         Whip              |    79 |       |       |       |       |       |       |       ||    79
         Headbutt          |    20 |    16 |    31 |    13 |   232 |   256 |   315 |    34 ||   917
         Hand axe          |    15 |   139 |       |       |       |       |       |       ||   154
         Punch             |     3 |       |     3 |       |    17 |       |       |       ||    23
         Broad axe         |       |       |    91 |   106 |   735 |   565 |   947 |   141 ||  2585
         Battleaxe         |       |       |       |       |   314 |   494 |       |       ||   808
  Throw: Boomerang         |       |       |     4 |       |       |    24 |    29 |     4 ||    61
         Dart              |       |       |     1 |     9 |     3 |       |       |       ||    13
         Javelin           |       |       |       |       |       |     3 |    37 |     6 ||    46
         Throwing net      |       |       |       |       |       |       |     1 |       ||     1
   Cast: Sandblast         |       |     1 |       |       |       |       |       |       ||     1
 Invoke: Heavenly Storm    |       |       |       |       |     2 |     3 |     2 |     2 ||     9
         Serpent's Lash    |       |       |       |       |       |     2 |     1 |     2 ||     5
Ability: Lunge             |       |       |     6 |     6 |    89 |    58 |       |       ||   159
         Whirlwind         |       |       |       |     2 |    69 |    59 |    46 |    43 ||   219
         Wall Jump         |       |       |       |       |     5 |     2 |       |     1 ||     8
  Evoke: Wand              |       |       |     1 |     6 |     3 |     4 |     4 |     1 ||    19
         Lightning rod     |       |       |       |       |       |     4 |     2 |     1 ||     7
         Phial of floods   |       |       |       |       |       |     1 |     1 |       ||     2
         Tin of tremorston |       |       |       |       |       |       |     2 |     1 ||     3
         Condenser vane    |       |       |       |       |       |       |     2 |       ||     2
    Use: Potion            |     1 |     2 |       |     2 |     6 |     8 |     6 |    12 ||    37
         Scroll            |       |     5 |     6 |       |    16 |     5 |    18 |    10 ||    60
   Stab: Sleeping          |     2 |     1 |       |       |       |       |       |       ||     3
         Invisible         |       |       |       |       |       |     5 |       |       ||     5
         Distracted        |       |       |       |       |       |     1 |       |       ||     1
 Armour: Leather armour    |    37 |    32 |       |       |       |       |       |       ||    69
         Ring mail         |       |    24 |    40 |     6 |       |       |       |       ||    70
         Skin              |       |       |     1 |       |       |       |       |       ||     1
         Scale mail        |       |       |       |     7 |       |       |       |       ||     7
         Plate armour      |       |       |       |     7 |   422 |   331 |   345 |       ||  1105
         Ice dragon scales |       |       |       |       |       |   146 |       |       ||   146
         Gold dragon scale |       |       |       |       |       |       |   154 |    89 ||   243
  Dodge: Dodged            |    64 |    93 |    52 |    13 |   478 |   504 |   529 |   106 ||  1839
  Block: Other             |       |    16 |    19 |    12 |    97 |       |       |       ||   144
         Reflection        |       |       |     1 |     1 |     2 |       |       |       ||     4
         Buckler           |       |       |       |       |       |   211 |   341 |    43 ||   595

Table legend: (Time is in decaauts)
 A = Elapsed time spent in this place.
 B = Non-inter-level travel time spent in this place.
 C = Inter-level travel time spent in this place.
 D = Time resting spent in this place.
 E = Time spent auto-exploring this place.
 F = Levels seen in this place.
 G = Mean time per level.
                   A        B        C        D        E       F      G
               +--------+--------+--------+--------+--------+-----+--------+
         Total |  48347 |  43687 |   4660 |   9333 |  25584 |  52 |  929.8 |
       Dungeon |  14703 |  13135 |   1568 |   1094 |  10021 |  15 |  980.2 |
        Temple |    217 |    179 |     38 |      0 |    171 |   1 |  217.0 |
          Lair |   6821 |   5842 |    979 |    572 |   4535 |   5 | 1364.2 |
        Shoals |   3666 |   3470 |    196 |    743 |   2089 |   4 |  916.5 |
   Spider Nest |   5641 |   4887 |    754 |   1026 |   2942 |   4 | 1410.2 |
    Slime Pits |   1883 |   1834 |     49 |   1294 |     16 |   5 |  376.6 |
  Orcish Mines |   1247 |   1166 |     81 |      0 |    852 |   2 |  623.5 |
   Elven Halls |   6293 |   5753 |    540 |   1842 |   2859 |   3 | 2097.7 |
        Depths |   4693 |   4289 |    404 |   1697 |   1396 |   4 | 1173.2 |
           Zot |   1360 |   1314 |     46 |    753 |    126 |   5 |  272.0 |
         Abyss |    375 |    375 |      0 |    215 |      0 |   1 |  375.0 |
         Sewer |    765 |    765 |      0 |      4 |    417 |   1 |  765.0 |
        Bailey |    530 |    530 |      0 |     49 |    158 |   1 |  530.0 |
      Ice Cave |    147 |    147 |      0 |     43 |      0 |   1 |  147.0 |
               +--------+--------+--------+--------+--------+-----+--------+

Top non-repeatable levels by time:
   Elf:2: 2317 daAuts
  Lair:3: 2282 daAuts
   Elf:3: 2015 daAuts
   Elf:1: 1960 daAuts
Depths:3: 1910 daAuts
Spider:4: 1878 daAuts
  Lair:5: 1725 daAuts
Spider:3: 1610 daAuts
Depths:2: 1462 daAuts
     D:6: 1460 daAuts
Spider:2: 1326 daAuts
Shoals:1: 1297 daAuts
Shoals:2: 1156 daAuts
     D:8: 1155 daAuts
    D:15: 1134 daAuts
